 Dungeon Crawl Stone Soup version 0.24.1-4-ge52af88ad5 (webtiles) character file.

Game seed: 4368299331108428482, levelgen mode: deterministic

1228 Descartes the Magician (level 8, -9/41 HPs)
             Began as a Deep Elf Air Elementalist on Apr 15, 2020.
             Was an Initiate of Vehumet.
             Killed from afar by Erica (27 damage)
             ... with a bolt of poison
             ... on level 8 of the Dungeon.
             The game lasted 00:18:56 (7202 turns).

Descartes the Magician (Deep Elf Air Elementalist)  Turns: 7202, Time: 00:18:56

Health: -9/41      AC:  3    Str:  5    XL:     8   Next: 23%
Magic:  27/28      EV: 15    Int: 23    God:    Vehumet [......]
Gold:   324        SH:  0    Dex: 15    Spells: 6/19 levels left

rFire    + . .     SeeInvis .   r - +1 falchion (elec)
rCold    . . .     Gourm    .   (no shield)
rNeg     . . .     Faith    .   a - +0 robe
rPois    .         Spirit   .   (no helmet)
rElec    .         Reflect  .   u - +0 cloak
rCorr    .         Harm     .   (no gloves)
MR       .....                  (no boots)
Stlth    +++.......             (no amulet)
HPRegen  0.13/turn              m - ring of protection from fire
MPRegen  0.21/turn              o - ring of magical power

@: lethally poisoned (-9 -> -30), swift, very quick
A: no striking features
a: Renounce Religion


You were on level 8 of the Dungeon.
You worshipped Vehumet.
Vehumet was noncommittal.
You were not hungry.

You visited 2 branches of the dungeon, and saw 8 of its levels.

You collected 324 gold pieces.

Inventory:

Hand Weapons
 r - a +1 falchion of electrocution (weapon)
Missiles
 g - 127 stones
 h - 80 arrows
 j - 11 boomerangs (quivered)
Armour
 a - a +0 robe (worn)
 u - a +0 cloak (worn)
Jewellery
 m - a ring of protection from fire (left hand)
 n - an uncursed ring of resist corrosion
 o - a ring of magical power (right hand)
Scrolls
 b - a scroll of fog
 d - 4 scrolls of remove curse
 f - 2 scrolls of enchant weapon
 p - a scroll of teleportation
 s - a scroll of fear
 t - a scroll of identify
Potions
 e - 2 potions of heal wounds
 i - 5 potions of curing
 k - a potion of flight
 l - a potion of might
 q - a potion of haste
 v - a potion of brilliance {unknown}
Comestibles
 c - 5 rations
 w - 3 chunks of flesh


   Skills:
 + Level 5.7 Dodging
 + Level 6.0 Stealth
 + Level 6.3 Spellcasting
 + Level 4.6 Conjurations
 + Level 1.0 Hexes
 + Level 2.8 Charms
 + Level 5.1 Air Magic


You had 6 spell levels left.
You knew the following spells:

 Your Spells              Type           Power        Failure   Level  Hunger
a - Shock                 Conj/Air       ####         1%          1    None
b - Airstrike             Air            ####......   10%         4    ###....
c - Static Discharge      Conj/Air       ####....     3%          3    #......
d - Swiftness             Chrm/Air       ####....     2%          2    None
e - Confuse               Hex            ##......     16%         3    #......

Your spell library contained the following spells:

 Spells                   Type           Power        Failure   Level  Hunger
 Confusing Touch          Hex            ##....       5%          1    None
 Gell's Gravitas          Tloc           #.........   24%         3    #......
 Lightning Bolt           Conj/Air       ####......   30%         5    #####..
 Petrify                  Tmut/Erth      #.......     63%         4    ###....
 Metabolic Englaciation   Hex/Ice        #.........   88%         5    #####..
 Yara's Violent Unravell  Hex/Tmut       #.........   88%         5    #####..


Dungeon Overview and Level Annotations

Branches:
Dungeon (6/15)             Temple (1/1) D:4

Altars:
Ashenzari
Cheibriados
Elyvilon
Fedhas
Nemelex Xobeh
Qazlal
Ru
Sif Muna
Trog
Uskayaw
Vehumet
Wu Jian
Xom
Yredelemnul
Zin
The Shining One

Annotations:
D:8 Erica


Message History

Something hits you but does no damage.
You barely miss something.
You hear some strange, mumbled words.
A bolt of poison appears from out of thin air!
The bolt of poison hits you!
You are poisoned.
You miss something.
You feel sick. Something barely misses you.
Casting: Shock (safe; 1% risk of failure)
Confirm with . or Enter, or press ? or * to list all spells.
You feel quick.
You feel sick. Something hits you.
You feel sick.
You feel sick.
You feel sick.
You feel sick.
You feel sick.
You hear some strange, mumbled words.
A bolt of poison appears from out of thin air!
The bolt of poison hits you!!
You are lethally poisoned!
Ouch! That really hurt!
You die...

........# ##..... ###.#####
....# #.......# #...#
#.###.#.# #...# #####.#
#.#.# #...# ......# #.#.#
#...# ......#
#.#.########...####
......###.#.#.......(.......
.....÷##).÷.....@...........
.....###.##.#...............
.....# #.##.##.#####...#####
.....# #.#..##.# #...#
###### #.#.###.### ......
#.#.>.....# #...#.#
#.......#.# ...#.#
###.##...... <# ... #.##.#.#


There were no monsters in sight!

Vanquished Creatures
  Eustachio (D:6)
  2 ice beasts (D:6)
  2 ogres (D:5)
  A centaur (D:8)
  A bullfrog (D:8)
  A jelly (D:6)
  Crazy Yiuf (D:3)
  2 centaur skeletons
  3 orc priests
  4 orc wizards
  A bullfrog skeleton (D:5)
  Jessica (D:2)
  2 worker ants
  A killer bee zombie (D:6)
  3 adders
  2 oozes
  3 worms
  2 dart slugs
  A leopard gecko (D:5)
  19 orcs
  6 bats
  13 giant cockroaches
  9 goblins
  9 hobgoblins
  4 jackals
  2 quokkas
  3 frilled lizards
  10 kobolds
  7 rats
116 creatures vanquished.

Notes
Turn   | Place    | Note
-------+----------+-------------------------------------------
     0 | D:1      | Descartes the Deep Elf Air Elementalist began the quest for
                  | the Orb.
     0 | D:1      | Reached XP level 1. HP: 10/10 MP: 6/6
   179 | D:1      | Reached XP level 2. HP: 12/15 MP: 2/8
   842 | D:1      | Reached XP level 3. HP: 18/19 MP: 6/9
  1219 | D:2      | Noticed Jessica
  1227 | D:2      | Killed Jessica
  1498 | D:2      | Reached XP level 4. HP: 21/24 MP: 5/11
  1613 | D:2      | Learned a level 4 spell: Airstrike
  1617 | D:2      | Learned a level 3 spell: Static Discharge
  2144 | D:3      | Found a stormy altar of Qazlal.
  2147 | D:3      | Noticed a fire elemental
  2716 | D:3      | Found a sacrificial altar of Ru.
  2762 | D:3      | Found a sparkling altar of Nemelex Xobeh.
  2798 | D:3      | Noticed an air elemental
  2798 | D:3      | Noticed an earth elemental
  2799 | D:3      | Noticed a water elemental
  3172 | D:3      | Reached XP level 5. HP: 28/28 MP: 9/13
  3288 | D:3      | Found a runed translucent door.
  3289 | D:3      | Noticed Crazy Yiuf
  3562 | D:3      | Killed Crazy Yiuf
  3807 | D:4      | Found a staircase to the Ecumenical Temple.
  3820 | Temple   | Entered the Ecumenical Temple
  4372 | D:4      | Found a glowing golden altar of the Shining One.
  4494 | D:4      | Found a radiant altar of Vehumet.
  4500 | D:4      | Became a worshipper of Vehumet
  4518 | D:4      | Reached XP level 6. HP: 32/32 MP: 0/14
  4764 | D:5      | Entered Level 5 of the Dungeon
  4770 | D:5      | Reached skill level 5 in Spellcasting
  5091 | D:5      | Reached XP level 7. HP: 10/36 MP: 5/16
  5457 | D:5      | Reached skill level 5 in Stealth
  5798 | D:5      | Found a basalt altar of Yredelemnul.
  6060 | D:5      | Found a bloodstained altar of Trog.
  6079 | D:5      | Learned a level 2 spell: Swiftness
  6334 | D:6      | Reached skill level 5 in Dodging
  6443 | D:6      | Noticed Eustachio
  6448 | D:6      | Killed Eustachio
  6448 | D:6      | Reached skill level 1 in Charms
  6765 | D:6      | Found a snail-covered altar of Cheibriados.
  6810 | D:6      | Reached skill level 5 in Air Magic
  6810 | D:6      | Reached XP level 8. HP: 41/41 MP: 19/19
  6964 | D:6      | You fall into a shaft and drop 2 floors!
  6981 | D:8      | Learned a level 3 spell: Confuse
  7000 | D:8      | Reached skill level 1 in Hexes
  7166 | D:8      | Noticed Erica
  7202 | D:8      | Killed from afar by Erica

Levels and vault maps discovered:
D:1:      denvon_arrival_planthouse, layout_loops_ring, minmay_small_reverse_x
D:2:      layout_loops_ring, st_stairs_14, uniq_jessica
D:3:      kennysheep_big_flooded_room, layout_basic, marbit_many_paths,
          nemelex_altar_shiori, nicolae_qazlal_style_of_elements,
          kennysheep_generic_room_5, uniq_crazy_yiuf_cottage
D:4:      layout_cave_pools, kennysheep_mini_moat,
          nicolae_tso_swordbearing_angel, minmay_temple_entry_overgrown,
          first_ration, minmay_misc_feat_room
D:5:      layout_basic, basic_altar, grunt_ministairs_6,
          trog_three_pillars_becter
D:6:      layout_basic, cheibriados_altar_1, uniq_pikel, uniq_eustachio
D:8:      layout_loops_cross, okawaru_altar_gauntlet_db, dpeg_lair_monsters,
          the_bakery, minivault_29, uniq_erica
Temple:   cyrus_temple_forest

Skill      XL: |  1  2  3  4  5  6  7  8 |
---------------+-------------------------+-----
Stealth        | 3 4 5 6 |  6.0
Dodging        | 3 4 5 |  5.7
Conjurations   | 2 3 4 |  4.6
Spellcasting   | 4 5 6 |  6.3
Air Magic      | 4 5 |  5.1
Charms         | 2 |  2.8
Hexes          | 1 |  1.0

Action                   |  1- 3 |  4- 6 |  7- 9 || total
-------------------------+-------+-------+-------++-------
Melee: Falchion          |       |     3 |     2 ||     5
 Cast: Shock             |    72 |   147 |    82 ||   301
       Airstrike         |       |     7 |     6 ||    13
       Swiftness         |       |       |     1 ||     1
  Use: Scroll            |       |    10 |     3 ||    13
       Potion            |       |     2 |       ||     2
  Eat: Chunk             |     2 |     8 |     4 ||    14
       Ration            |       |     1 |     1 ||     2
Armor: Robe              |     1 |     4 |     1 ||     6
Dodge: Dodged            |    12 |    23 |    21 ||    56
       Rpst.: Falchion   |       |     4 |     6 ||    10
